 Dungeon Crawl Stone Soup version 0.25-a0-474-ga8a2ee3166 (webtiles) character file.

Game seed: 2652497051869316151, levelgen mode: deterministic

10410 mopl the Basher (level 11, -12/71 HPs)
             Began as a Gargoyle Monk on Feb 6, 2020.
             Was a High Priest of Zin.
             Killed from afar by Azrael (35 damage)
             ... with damnation
             ... on level 2 of the Orcish Mines.
             The game lasted 00:22:06 (11699 turns).

mopl the Basher (Gargoyle Monk)                    Turns: 11699, Time: 00:22:07

Health: -12/71     AC: 21    Str: 18    XL:     11   Next: 61%
Magic:  17/17      EV:  9    Int: 11    God:    Zin [*****.]
Gold:   828        SH:  5    Dex: 12    Spells: 9/10 levels left

rFire    . . .     SeeInvis .   a - +4 morningstar
rCold    + + .     Gourm    .   (no shield)
rNeg     + . .     Faith    .   y - +1 chain mail {rC+}
rPois    ∞         Spirit   .   (no helmet)
rElec    +         Reflect  +   j - +0 cloak (curse)
rCorr    .         Harm     .   (no gloves)
MR       .....                  k - +0 pair of boots
Stlth    ..........             A - +5 amulet of reflection
HPRegen  0.21/turn              E - ring of protection from cold
MPRegen  0.15/turn              (no ring)

@: no status effects
A: negative energy resistance 1, electricity resistance, unbreathing,
petrification resistance, rot immunity, AC +8
a: Recite, Vitalisation, Imprison, Sanctuary, Donate Gold, Renounce Religion


You were on level 2 of the Orcish Mines.
You worshipped Zin.
Zin was extremely pleased with you.
You were not hungry.

You visited 3 branches of the dungeon, and saw 13 of its levels.

You collected 1225 gold pieces.
You spent 306 gold pieces at shops.
You donated 91 gold pieces to Zin.

Inventory:

Hand Weapons
 a - a +4 morningstar (weapon)
 z - a +2 scimitar of flaming
 H - a +0 dire flail
Missiles
 h - 24 poisoned darts (quivered)
 n - 8 curare-tipped darts
 o - 2 silver boomerangs
 w - 16 boomerangs
Armour
 j - a cursed +0 cloak (worn)
 k - a +0 pair of boots (worn)
 y - a +1 chain mail of cold resistance (worn)
Jewellery
 A - a +5 amulet of reflection (around neck)
 E - a ring of protection from cold (left hand)
Wands
 q - a wand of disintegration (4)
Scrolls
 d - 2 scrolls of amnesia {unknown}
 e - a scroll of immolation {unknown}
 f - 2 scrolls of enchant armour {unknown}
 g - a scroll of fog {unknown}
 p - 7 scrolls of remove curse
 u - 2 scrolls of magic mapping
 B - 2 scrolls of teleportation {unknown}
 C - a scroll of noise {unknown}
 D - a scroll of acquirement {unknown}
 F - a scroll of summoning {unknown}
Potions
 b - 3 potions of haste
 i - 5 potions of flight
 l - 4 potions of might
 m - a potion of heal wounds
 r - a potion of mutation {unknown}
 s - 4 potions of agility
 t - 4 potions of curing
 v - 2 potions of ambrosia
 x - 3 potions of brilliance
 G - a potion of lignification {unknown}
Comestibles
 c - 22 rations


   Skills:
 + Level 9.6 Fighting
 * Level 11.9 Maces & Flails
 + Level 2.4 Throwing
 + Level 6.1 Armour
 + Level 3.5 Dodging
 - Level 2.1 Stealth
 * Level 9.1 Invocations


You had 9 spell levels left.
You knew the following spells:

 Your Spells              Type           Power        Failure   Level  Hunger
a - Apportation           Tloc           #.....       98%         1    ##.....

Your spell library contained the following spells:

 Spells                   Type           Power        Failure   Level  Hunger
 Corona                   Hex            #......      98%         1    ##.....
 Freeze                   Ice            #...         98%         1    ##.....
 Sandblast                Erth           #.....       98%         1    ##.....
 Summon Butterflies       Summ           #.......     98%         1    ##.....
 Ensorcelled Hibernation  Hex/Ice        #.....       99%         2    ###....
 Passwall                 Tmut/Erth      #.......     99%         2    ###....
 Confusing Touch          Hex            #.......     100%        3    ####...
 Dazzling Flash           Conj/Hex       #.....       100%        3    ####...
 Frozen Ramparts          Ice            #.....       100%        3    ####...
 Lesser Beckoning         Tloc           #.........   100%        3    ####...
 Ozocubu's Armour         Chrm/Ice       #.......     100%        3    ####...
 Stone Arrow              Conj/Erth      #.....       100%        3    ####...
 Tukima's Dance           Hex            #.......     100%        3    ####...
 Hailstorm                Conj/Ice       #.......     100%        4    #####..
 Petrify                  Tmut/Erth      #.......     100%        4    #####..
 Summon Ice Beast         Ice/Summ       #.......     100%        4    #####..
 Alistair's Intoxication  Tmut/Pois      #.......     100%        5    ######.
 Lee's Rapid Deconstruct  Erth           #.........   100%        5    ######.
 Invisibility             Hex            #.......     100%        6    #######


Dungeon Overview and Level Annotations

Branches:
Dungeon (10/15)            Temple (1/1) D:7            Lair (0/6) D:8
    Orc (2/2) D:10
    Elf: Orc:2

Altars:
Ashenzari
Cheibriados
Dithmenos
Elyvilon
Fedhas
Gozag
Hepliaklqana
Kikubaaqudgha
Makhleb
Nemelex Xobeh
Okawaru
Qazlal
Ru
Sif Muna
Trog
Uskayaw
Vehumet
Wu Jian
Xom
Yredelemnul
Zin
The Shining One
Beogh

Shops:
D:5 (::[   D:6 !   D:9 !

Annotations:
D:9 3 runed translucent doors, Wiebster667's ghost, novice HuGl
Orc:2 Azrael


Innate Abilities, Weirdness & Mutations

You are resistant to torment.
Your stone body is resilient. (AC +8)
You are immune to poison.
You resist negative energy. (rN+)
You are resistant to electric shocks. (rElec)
You can survive without breathing.
You are immune to petrification.
You are immune to rotting.


Message History

You are covered in liquid flames!
Evoke which item? (* to show all) (? for menu, Esc to quit)
Aiming: Disintegrate
Press: ? - help, Shift-Dir - straight line, f/p - Azrael
Aim: Azrael, wielding a +3 scimitar of flaming (severely wounded, dazed, chance to defeat MR: 48%) Azrael is blasted!
Azrael gestures at you.
The sphere of damnation explodes!
The damnation engulfs you!!
The damnation engulfs Azrael.
Azrael completely resists.
You hear a deafening roar!
You hear a shout! x4; You hear a howl!
Unknown command.
Evoke which item? (* to show all) (? for menu, Esc to quit)
Aiming: Disintegrate
Press: ? - help, Shift-Dir - straight line, f/p - Azrael
Aim: Azrael, wielding a +3 scimitar of flaming (severely wounded, dazed, chance to defeat MR: 48%) Azrael resists with some effort.
You hear a shout! x4
Azrael gestures at you.
The sphere of damnation explodes!
The damnation engulfs you!!
You die...

### ## ###<##.## #
##.[@)...# ##
##.[.R...## .##
##.......## ..#
##.......## .##
###.#.....##
..######........##
...#.##.°......##
○○..☼☼°○E##..###
.○○○○°°○####.#


You could see Azrael (dazed).

Vanquished Creatures
  A two-headed ogre (D:8)
  Erica (D:9)
  An orc sorcerer (Orc:1)
  5 trolls
  A human (D:7)
  4 hogs (D:7)
  2 steam dragons (D:5)
  3 fire elementals
  A warg (Orc:1)
  3 hell hounds
  12 orc warriors
  3 black bears
  A sky beast (D:6)
  3 ice beasts
  A necrophage (D:6)
  4 phantoms
  An eye of draining (D:9)
  2 ogres
  2 centaurs
  A big kobold (D:10)
  4 bullfrogs
  A scorpion (D:4)
  14 killer bees
  5 wights (D:7)
  A howler monkey (D:6)
  4 crimson imps
  A bullfrog zombie (D:5)
  A bullfrog skeleton (D:8)
  2 hounds
  2 centaur skeletons
  A jelly (D:10)
  11 orc priests
  17 orc wizards
  Natasha (thrice) (D:2)
  Terence (D:2)
  4 iguanas
  13 worker ants
  A killer bee zombie (D:8)
  A hound skeleton (D:5)
  A howler monkey skeleton (D:5)
  23 adders
  An ooze (D:7)
  5 worms
  4 dart slugs
  4 leopard geckos
  71 orcs
  10 bats
  6 giant cockroaches
  7 goblins
  10 hobgoblins
  10 jackals
  2 quokkas
  3 ball pythons
  6 frilled lizards
  12 kobolds
  A leopard gecko skeleton (D:5)
  A leopard gecko zombie (D:5)
  2 quokka skeletons
  4 rats
322 creatures vanquished.

Vanquished Creatures (others)
  7 fungi (D:5)
  3 plants (D:9)
10 creatures vanquished.

Grand Total: 332 creatures vanquished

Notes
Turn   | Place    | Note
-------+----------+-------------------------------------------
     0 | D:1      | mopl the Gargoyle Monk began the quest for the Orb.
     0 | D:1      | Reached XP level 1. HP: 14/14 MP: 1/1
    59 | D:1      | Reached XP level 2. HP: 18/19 MP: 2/2
   270 | D:1      | Found a glowing golden altar of the Shining One.
   300 | D:1      | Became a worshipper of the Shining One
   300 | D:1      | Reached * piety under the Shining One
   300 | D:1      | Reached ** piety under the Shining One
   553 | D:1      | Reached XP level 3. HP: 20/24 MP: 3/3
   952 | D:2      | Reached skill level 4 in Maces & Flails
   962 | D:2      | Reached skill level 1 in Invocations
   972 | D:2      | Reached XP level 4. HP: 18/29 MP: 4/4
   987 | D:2      | Reached skill level 4 in Fighting
  1001 | D:2      | Found an iron altar of Okawaru.
  1147 | D:2      | Noticed Natasha
  1164 | D:2      | Killed Natasha
  1172 | D:2      | Noticed Natasha
  1177 | D:2      | HP: 1/29 [Natasha/magic dart (3)]
  1516 | D:2      | Killed Natasha
  1516 | D:2      | Reached XP level 5. HP: 21/33 MP: 6/6
  1665 | D:2      | Found a radiant altar of Vehumet.
  1666 | D:2      | Found a glowing silver altar of Zin.
  1667 | D:2      | Noticed Natasha
  1670 | D:2      | Found a shattered altar of Ashenzari.
  1675 | D:2      | Killed Natasha
  1675 | D:2      | Reached skill level 2 in Invocations
  1891 | D:3      | Noticed Terence
  1931 | D:2      | Killed Terence
  1931 | D:2      | Reached skill level 5 in Maces & Flails
  2016 | D:3      | Reached XP level 6. HP: 36/39 MP: 7/7
  2293 | D:3      | Reached skill level 3 in Invocations
  2299 | D:3      | Reached skill level 5 in Fighting
  2468 | D:3      | Reached XP level 7. HP: 44/44 MP: 9/9
  2574 | D:4      | Reached skill level 6 in Maces & Flails
  2582 | D:4      | Reached *** piety under the Shining One
  2849 | D:4      | Reached skill level 4 in Invocations
  2992 | D:4      | Reached skill level 7 in Maces & Flails
  2992 | D:4      | Reached XP level 8. HP: 51/51 MP: 11/11
  3062 | D:5      | Entered Level 5 of the Dungeon
  3146 | D:5      | Reached skill level 6 in Fighting
  3227 | D:5      | Found a sacrificial altar of Ru.
  3250 | D:5      | Found an ancient bone altar of Kikubaaqudgha.
  3326 | D:5      | Found an iron altar of Okawaru.
  3648 | D:5      | Reached skill level 5 in Invocations
  3741 | D:5      | Reached skill level 8 in Maces & Flails
  3749 | D:5      | Found Iheetyeji's Antique Weapon Shoppe.
  3750 | D:5      | Found Sotuvok's Book Shoppe.
  3767 | D:5      | Found Sarhou's Book Shoppe.
  3767 | D:5      | Found Peant's Antique Armour Shoppe.
  3841 | D:5      | Bought a glowing dire flail for 126 gold pieces
  4052 | D:6      | Reached **** piety under the Shining One
  4064 | D:6      | Reached XP level 9. HP: 56/56 MP: 13/13
  4074 | D:6      | Reached skill level 7 in Fighting
  4157 | D:6      | Reached skill level 6 in Invocations
  4202 | D:6      | Reached skill level 9 in Maces & Flails
  4256 | D:6      | Found Woto's Distillery.
  4264 | D:6      | Bought a potion of heal wounds for 50 gold pieces
  4264 | D:6      | Bought a potion of ambrosia for 80 gold pieces
  4264 | D:6      | Bought a potion of berserk rage for 50 gold pieces
  4339 | D:6      | Reached skill level 1 in Armour
  4768 | D:7      | Reached skill level 2 in Armour
  5037 | D:7      | Found a staircase to the Ecumenical Temple.
  5227 | D:7      | Reached skill level 8 in Fighting
  5245 | D:7      | Reached skill level 10 in Maces & Flails
  5245 | D:7      | Reached skill level 3 in Armour
  5245 | D:7      | Reached skill level 7 in Invocations
  5245 | D:7      | Reached XP level 10. HP: 48/64 MP: 15/15
  5356 | D:7      | Found a burning altar of Makhleb.
  5367 | D:7      | Reached ***** piety under the Shining One
  5429 | Temple   | Entered the Ecumenical Temple
  5893 | D:2      | Fell from the grace of the Shining One
  5893 | D:2      | Became a worshipper of Zin the Law-Giver
  5893 | D:2      | Reached * piety under Zin
  5893 | D:2      | Reached ** piety under Zin
  5893 | D:2      | Reached *** piety under Zin
  6195 | D:8      | Found a shimmering altar of Xom.
  6195 | D:8      | Found a shimmering altar of Xom.
  6195 | D:8      | Found a shimmering altar of Xom.
  6198 | D:8      | Found a shimmering altar of Xom.
  6200 | D:8      | Found a shimmering altar of Xom.
  6200 | D:8      | Found a shimmering altar of Xom.
  6200 | D:8      | Found a shimmering altar of Xom.
  6285 | D:8      | Noticed a two-headed ogre
  6298 | D:8      | Reached skill level 4 in Armour
  6688 | D:9      | Noticed Erica
  6715 | D:9      | Killed Erica
  6884 | D:9      | Found Daogyrif's Distillery.
  7117 | D:8      | Found a white marble altar of Elyvilon.
  7144 | D:8      | Noticed a water nymph
  7200 | D:8      | Found a staircase to the Lair.
  7288 | D:8      | Reached skill level 11 in Maces & Flails
  7297 | D:8      | Found a hide-covered altar of Uskayaw.
  7342 | D:8      | Killed a two-headed ogre
  7342 | D:8      | Reached skill level 9 in Fighting
  7342 | D:8      | Reached skill level 5 in Armour
  7342 | D:8      | Reached skill level 8 in Invocations
  7771 | D:9      | Found a stormy altar of Qazlal.
  7806 | D:9      | Found a runed translucent gate.
  7807 | D:9      | Found a runed translucent gate.
  7807 | D:9      | Found a runed translucent gate.
  7808 | D:9      | Noticed a ten-headed hydra
  7809 | D:9      | Noticed Wiebster667's ghost (novice HuGl)
  7809 | D:9      | Noticed a ten-headed hydra
  8013 | D:10     | Entered Level 10 of the Dungeon
  8149 | D:10     | Found a staircase to the Orcish Mines.
  8154 | D:10     | Found a roughly hewn altar of Beogh.
  8163 | D:10     | Reached XP level 11. HP: 62/71 MP: 17/17
  8240 | D:10     | Reached skill level 1 in Throwing
  8361 | D:10     | Reached skill level 3 in Dodging
  8430 | D:10     | Reached **** piety under Zin
  8494 | D:10     | Learned a level 1 spell: Apportation
  8859 | Orc:1    | Entered Level 1 of the Orcish Mines
  8896 | Orc:1    | Noticed an orc sorcerer
  8920 | Orc:1    | Noticed a soul eater
  9150 | Orc:1    | Killed an orc sorcerer
  9231 | Orc:1    | Reached ***** piety under Zin
  9257 | Orc:1    | Reached skill level 2 in Throwing
  9977 | Orc:2    | Entered Level 2 of the Orcish Mines
  9977 | Orc:2    | Noticed an orc knight
 10454 | Orc:2    | Reached skill level 9 in Invocations
 10531 | Orc:1    | Reached skill level 6 in Armour
 10898 | Orc:2    | Noticed Azrael
 11699 | Orc:2    | Killed from afar by Azrael

Levels and vault maps discovered:
D:1:      tarquinn_simple_flora_water_f, layout_loops_ring, kennysheep_doodads,
          minmay_misc_feat_pillars, st_stairs_6, tso_metal_star
D:2:      layout_rooms, nicolae_overflow_hidden_temple,
          okawaru_ov_weapons_minmay, uniq_natasha
D:3:      layout_basic, uniq_terence
D:4:      layout_cave_pools
D:5:      kennysheep_steamy, layout_rooms, hangedman_ru_absence,
          nicolae_overflow_crystal_walls, lemuel_round_altar, first_ration,
          minmay_shop_grid_forest, kennysheep_generic_room_10
D:6:      layout_basic, serial_shops, shop
D:7:      layout_rooms, makhleb_grotto_becter, minmay_temple_entry_sparse_star,
          grunt_livestock
D:8:      layout_cave_pools, lemuel_round_altar, xom_shifter_show,
          lemuel_coloured_pillars_altar
D:9:      layout_loops_ring, gammafunk_ghost_hydra_chop, serial_shops,
          nicolae_shop_statue_plus, nicolae_qazlal_general_emergency, uniq_erica
D:10:     cheibrodos_elevator_heist, layout_irregular_city,
          minmay_orc_entry_temple_small
Temple:   hc_temple_tempest_star
Orc:1:    layout_caves, rock_pile
Orc:2:    pf_orc_diabolical, layout_caves, nicolae_orc_crystal_geode,
          uniq_azrael

Skill      XL: |  1  2  3  4  5  6  7  8  9 10 11 |
---------------+----------------------------------+-----
Maces & Flails | 4 5 7 8 10 11 | 11.9
Invocations    | 1 2 3 4 5 7 8 9 |  9.1
Fighting       | 4 5 6 8 9 |  9.6
Armour         | 3 5 6 |  6.1
Throwing       | 2 |  2.4
Dodging        | 3 |  3.5
Stealth        | |  2.1

Action                   |  1- 3 |  4- 6 |  7- 9 | 10-12 || total
-------------------------+-------+-------+-------+-------++-------
Melee: Mace              |   115 |    75 |    94 |       ||   284
       Unarmed           |       |    18 |       |       ||    18
       Flail             |       |   103 |    64 |       ||   167
       Morningstar       |       |       |   198 |   510 ||   708
Throw: Dart              |       |     1 |       |     7 ||     8
Invok: Recite            |       |       |       |    14 ||    14
       Vitalisation      |       |       |       |     1 ||     1
Evoke: Wand              |       |       |       |     8 ||     8
  Use: Scroll            |       |       |     6 |     1 ||     7
       Potion            |       |       |       |     3 ||     3
 Stab: Sleeping          |     1 |       |       |       ||     1
       Paralysed         |       |       |       |     9 ||     9
       Invisible         |       |       |       |     6 ||     6
  Eat: Chunk             |       |     6 |     9 |    12 ||    27
       Ration            |       |       |       |     3 ||     3
Armor: Robe              |     4 |       |       |       ||     4
       Leather armour    |    28 |       |       |       ||    28
       Ring mail         |    23 |    31 |       |       ||    54
       Scale mail        |       |    50 |       |       ||    50
       Chain mail        |       |    18 |   271 |   276 ||   565
       Plate armour      |       |       |       |    68 ||    68
Dodge: Dodged            |    97 |   103 |   146 |   234 ||   580
Block: Other             |       |       |    10 |   133 ||   143
       Reflection        |       |       |       |     5 ||     5

Table legend:
 A = Non-vault XP
 B = Vault XP
 C = Vault XP percentage of total XP
 D = Non-vault monster count
 E = Vault monster count
 F = Vault count percentage of total count
                 A         B        C        D         E       F
            +---------+---------+-------+---------+---------+-------
      Total |   11061 |    3811 |  25.6 |     291 |      31 |   9.6
            +---------+---------+-------+---------+---------+-------
        D:1 |      49 |       2 |   3.9 |      26 |       1 |   3.7
        D:2 |     147 |      72 |  32.9 |      17 |       2 |  10.5
        D:3 |     360 |       0 |   0.0 |      42 |       0 |   0.0
        D:4 |     629 |       0 |   0.0 |      21 |       0 |   0.0
        D:5 |     265 |     527 |  66.5 |      22 |       4 |  15.4
        D:6 |    1538 |       0 |   0.0 |      26 |       0 |   0.0
        D:7 |     999 |    1007 |  50.2 |      20 |       6 |  23.1
        D:8 |    1594 |       0 |   0.0 |      18 |       0 |   0.0
        D:9 |     968 |     918 |  48.7 |      15 |       1 |   6.2
       D:10 |    1993 |     266 |  11.8 |      38 |       9 |  19.1
      Orc:1 |    2319 |     669 |  22.4 |      35 |       6 |  14.6
      Orc:2 |     200 |     350 |  63.6 |      11 |       2 |  15.4
            +---------+---------+-------+---------+---------+-------
